 Dungeon Crawl Stone Soup version 0.18-a0-1670-gb40d73e (webtiles) character file.

110 Chiseanne the Skirmisher (level 4, 2/52 HPs)
             Began as a Demonspawn Wanderer on Apr 1, 2016.
             Was an Initiate of Vehumet.
             Quit the game on level 3 of the Dungeon.
             The game lasted 00:10:36 (2180 turns).

Chiseanne the Skirmisher (Demonspawn Wanderer)      Turns: 2180, Time: 00:10:36

Health: 2/52       AC: 19    Str:  9    XL:     4   Next: 61%
Magic:  4/4        EV:  2    Int: 19    God:    Vehumet [......]
Gold:   129        SH:  0    Dex: 11    Spells: 0 memorised, 3 levels left

rFire  . . .     SeeInvis .     e - +0 hand crossbow
rCold  . . .     Gourm    .     (armour currently unavailable)
rNeg   + + +     Faith    .     (no shield)
rPois  +         Spirit   .     (helmet currently unavailable)
rElec  .         Dismiss  .     (cloak currently unavailable)
rCorr  .         Reflect  .     (gloves currently unavailable)
SustAt .         Harm     .     (boots currently unavailable)
MR     .....     NoTele   +     (no amulet)
Stlth  +.........               u - -3 ring of protection (curse)
                                t - ring of teleportation (curse)

@: lethally poisoned (2 -> -2), tree-form, very slightly contaminated, hasted,
very quick, not resistant to hostile enchantments, very unstealthy
A: (claws 0), (talons 0)
a: Renounce Religion


You were on level 3 of the Dungeon.
You worshipped Vehumet.
Vehumet was noncommittal.
You were not hungry.
You were a tree.
You visited 1 branch of the dungeon, and saw 3 of its levels.

You collected 129 gold pieces.

Inventory:

Hand Weapons
 a - a +2 dagger of protection
 e - a +0 hand crossbow (weapon)
 q - a +0 morningstar
 w - a +2 blowgun
Missiles
 c - 11 curare-tipped needles
 d - 14 bolts (quivered)
 f - 15 silver bolts
 n - 12 bolts of penetration
 p - 6 poisoned needles
 r - 25 sling bullets
 s - 3 javelins
Armour
 m - a +1 leather armour (melded)
Jewellery
 t - a cursed ring of teleportation (left branch)
 u - a cursed -3 ring of protection (right branch)
Scrolls
 v - a scroll of identify {unknown}
Potions
 b - a potion of haste
Comestibles
 g - a bread ration
 h - a chunk of flesh
 j - 2 meat rations
 k - a royal jelly
 l - 2 slices of pizza
 o - 3 fruits


   Skills:
 * Level 3.1 Fighting
 - Level 2.6 Crossbows
 - Level 1.0 Throwing
 * Level 2.5 Armour
 * Level 2.3 Dodging
   Level 1.0 Shields
 - Level 1.0 Unarmed Combat


You had 3 spell levels left.
You didn't know any spells.

Dungeon Overview and Level Annotations

Branches:
Dungeon (3/15)

Altars:
Cheibriados
Nemelex Xobeh
Vehumet


Innate Abilities, Weirdness & Mutations

((You have sharp fingernails.))
((You have sharp toenails.))


Message History

Okay, then.
Unknown command.
Firing (i - inventory. (,) - cycle):
d - 15 bolts (quivered)
Press: ? - help, Shift-Dir - straight line, f/p - worker ant
Aim: a worker ant (heavily wounded)
You shoot a bolt. The bolt closely misses the worker ant.
* * * LOW HITPOINT WARNING * * *
You feel sick. The worker ant bites you.
* * * LOW HITPOINT WARNING * * *
Drink which item? (? for menu, Esc to quit)
Okay, then.
Put on which piece of jewellery? (? for menu, Esc to quit)
You feel a slight, muted jump rush through you.
Oops, that ring feels deathly cold.
t - a cursed ring of teleportation (left branch)
The worker ant bites you but does no damage.
Put on which piece of jewellery? (? for menu, Esc to quit)
Oops, that ring feels deathly cold.
u - a cursed -3 ring of protection (right branch) Are you sure you want to abandon this character and quit the game? (Confirm with "yes".)

.......... ...... ....
.....##.# ...(##...#
.#......# .......$
........# ##.#....
........# #..#..#
........####.##<.#
...........#.#...#
........##.....#a#
............####♣#
....#..###.............)
....#...#####.......####
#......... ......##.#
#............###.# .#
#...........# #.. #
#..........## ###
.......!....


You could see a worker ant.

Vanquished Creatures
  An orc priest (D:2)
  3 adders (D:2)
  A worm (D:2)
  2 dart slugs (D:1)
  2 orcs
  5 bats
  3 giant cockroaches
  3 goblins
  4 hobgoblins
  5 jackals (D:2)
  2 quokkas (D:2)
  A giant newt (D:1)
  6 kobolds
  4 rats
42 creatures vanquished.

Notes
Turn   | Place    | Note
--------------------------------------------------------------
     0 | D:1      | Chiseanne the Demonspawn Wanderer began the quest for the Orb.
     0 | D:1      | Chiseanne set off with: 4 curare-tipped needles, a +2 blowgun, a +0 hand axe, a +0 hand crossbow, 24 bolts, a +0 robe, a bread ration
     0 | D:1      | Reached XP level 1. HP: 16/16 MP: 1/1
   316 | D:1      | Gained mutation: You have sharp fingernails. [demonic ancestry]
   316 | D:1      | Reached XP level 2. HP: 23/23 MP: 2/2
   792 | D:2      | Gained mutation: You have sharp toenails. [demonic ancestry]
   792 | D:2      | Reached XP level 3. HP: 28/28 MP: 3/3
   794 | D:2      | Found a radiant altar of Vehumet.
   799 | D:2      | Became a worshipper of Vehumet
  1283 | D:2      | Found a sparkling altar of Nemelex Xobeh.
  1708 | D:2      | Reached XP level 4. HP: 30/34 MP: 4/4
  1790 | D:2      | Found a snail-covered altar of Cheibriados.
  1877 | D:2      | Reached skill level 3 in Fighting
  2177 | D:3      | HP: 2/52 [worker ant (2)]
  2180 | D:3      | Quit the game

Vault maps used:
D:1:      lightli_arrival_statuegarden
D:2:      cheibriados_altar_1, vehumet_crystals, nemelex_lonely_heart_becter

Skill      XL: |  1  2  3  4 |
---------------+-------------+-----
Armour         | 2 |  2.5
Dodging        | 2 |  2.3
Fighting       | 3 |  3.1
Crossbows      | |  2.6
Throwing       | |  1.0
Shields        | |  1.0
Unarmed Combat | |  1.0

Action                   |  1- 3 |  4- 6 || total
-------------------------+-------+-------++-------
Melee: Hand axe          |    86 |       ||    86
       Dagger            |       |    71 ||    71
 Fire: Hand crossbow     |    44 |     3 ||    47
  Use: Scroll            |     2 |     4 ||     6
       Potion            |       |     2 ||     2
  Eat: Chunk             |     2 |     2 ||     4
